Map: Kairos Junction LE

Players

ḺiXyFØx - Winner!

  • Race: Terran Terran
  • League: Diamond
  • Spawn Location: 11:00

Dario

  • Race: Protoss Protoss
  • Spawn Location: 5:00

VOD

Have the link to the VOD?

Description

god left my terran unfinished

Time

  • Played on: April 2, 2019, 8:15 p.m.
  • Length: 8:14
Show
View Real Time Build Order
Export as new Build Order

ḺiXyFØx Terran - Winner!

Build Orders: Reaper Expand 

Get SALT Encoding   

  12  0:00  SCV  
  13  0:13  SCV  
  14  0:16  Supply Depot  
  14  0:25  SCV  
  15  0:38  SCV  
  15  0:39  Barracks  
  16  0:44  Refinery  
  16  0:51  SCV  
  17  1:03  SCV  
  18  1:15  SCV  
  19  1:26  Reaper  
  19  1:27  Orbital Command  
  20  1:41  Command Center  
  20  1:53  SCV  
  21  1:55  Refinery  
  21  1:58  Barracks Tech Lab  
  21  2:08  Barracks  
  21  2:15  Supply Depot  
  21  2:17  Marine  
  21  2:19  Stimpack  
  22  2:35  Marine  
  23  2:53  Marauder  
  23  2:56  Barracks Reactor  
  24  2:59  Orbital Command  
  24  3:02  SCV  
  25  3:10  Factory  
  25  3:14  Marine, SCV  
  25  3:15  Bunker  
  27  3:26  Supply Depot  
  27  3:28  SCV  
  27  3:29  SCV  
  29  3:40  SCV  
  29  3:41  SCV, Marine  
  31  3:42  Marine x2  
  34  3:49  Engineering Bay  
  34  3:52  SCV  
  34  3:53  SCV  
  34  3:54  Factory Tech Lab  
  36  3:59  Marine  
  36  4:00  Starport  
  37  4:04  SCV  
  37  4:06  SCV  
  37  4:08  Barracks  
  39  4:13  Marine x2  
  43  4:17  Marauder  
  43  4:18  Siege Tank  
  43  4:21  SCV  
  43  4:22  SCV  
  48  4:28  Terran Infantry Weapons Level 1  
  48  4:30  Supply Depot  
  48  4:33  SCV  
  48  4:34  SCV  
  48  4:37  Marine  
  51  4:38  Marine  
  51  4:40  Marine  
  53  4:47  Starport Reactor  
  53  4:52  Widow Mine, SCV x2  
  57  4:56  Supply Depot  
  57  4:59  Supply Depot  
  57  5:03  Refinery  
  57  5:04  Barracks Reactor, SCV x2  
  59  5:17  Marine  
  59  5:18  Marauder, Marine  
  59  5:19  Siege Tank  
  66  5:29  SCV x2  
  66  5:30  Refinery  
  68  5:35  Sensor Tower  
  68  5:41  Marauder, SCV x2  
  68  5:42  Marine x2  
  74  5:49  Supply Depot  
  74  5:50  Missile Turret  
  74  5:51  Supply Depot  
  74  5:53  Liberator x2, SCV x2  
  76  6:09  Missile Turret  
  82  6:17  Marine x2  
  82  6:18  Marine x2  
  85  6:19  Marine  
  85  6:20  Siege Tank  
  85  6:24  Supply Depot  
  90  6:25  Supply Depot  
  90  6:28  Missile Turret  
  90  6:29  SCV x2  
  92  6:38  Command Center  
  92  6:48  SCV x2  
  92  6:49  Marine  
  92  6:50  Marine x4  
  92  6:53  Siege Tank  
  102  6:58  Medivac x2  
  106  7:13  Marine  
  106  7:14  Marine x3  
  110  7:23  Concussive Shells  
  110  7:24  Marine  
  110  7:29  Viking x2  
  115  7:31  Widow Mine, Marine  
  118  7:49  Marine x5  
Show
View Real Time Build Order
Export as new Build Order

Dario Protoss 

Build Orders:  

Get SALT Encoding   

  12  0:15  Pylon  
  12  0:20  Pylon  
  12  0:38  Gateway  
  12  0:47  Gateway  
  12  1:01  Gateway  
  12  1:05  Probe  
  13  1:21  Assimilator  
  13  1:26  Zealot  
  15  1:35  Zealot  
  15  1:36  Probe  
  18  1:49  Probe  
  19  2:05  Zealot  
  19  2:07  Zealot  
  23  2:09  Zealot  
  23  2:13  Probe  
  26  2:24  Forge  
  26  2:25  Probe  
  21  3:06  Zealot  
  21  3:08  Zealot  
  25  3:17  Photon Cannon  
  25  3:25  Photon Cannon  
  25  3:29  Pylon  
  25  3:51  Photon Cannon  
  25  3:58  Zealot  
  27  4:11  Probe  
  28  4:19  Zealot  
  30  4:36  Pylon  
  30  4:37  Probe  
  31  4:47  Zealot  
  17  5:21  Zealot  
  19  5:29  Photon Cannon  
  19  5:51  Nexus  
  17  6:39  Nexus  
  17  6:56  Pylon  
  17  7:03  Pylon  
  17  7:05  Probe  
  18  7:12  Probe  
  19  7:17  Probe  
  19  7:21  Photon Cannon  
  20  7:24  Probe  
  17  7:39  Photon Cannon  
  17  7:43  Photon Cannon  
Tags
 
Add a new tag
Caveats
  • Supply blocks, unpowered buildings, or Contaminate may cause inaccurate times.
  • Supply counts are checked every 10 seconds.